 Dungeon Sprint DCSS version 0.16-a0-1276-g18860b1 (webtiles) character file.

224 MDvedh the Grappler (level 5, -8/75 HPs)
             Began as a Troll Monk on Oct 14, 2014.
             Was a Believer of Okawaru.
             Mangled by an unseen horror (12 damage)
             ... in the Dungeon (Sprint IX: "|||||||||||||||||||||||||||||").
             The game lasted 00:01:14 (201 turns).

MDvedh the Grappler (Troll Monk)                     Turns: 201, Time: 00:01:15

Health: -8/75      AC:  5    Str: 24    XL:     5   Next: 67%
Magic:  0/2        EV: 15    Int:  9    God:    Okawaru [**....]
Gold:   0          SH:  0    Dex: 13    Spells: 0 memorised, 4 levels left

rFire  . . .     SeeInvis .       - Unarmed
rCold  . . .     Clarity  .     a - +0 robe
rNeg   . . .     SustAb   .     (shield restricted)
rPois  .         Gourm    +     (helmet restricted)
rElec  .         Spirit   .     (no cloak)
rCorr  .         Warding  .     (gloves unavailable)
rMut   .         NoTele   +     (boots unavailable)
MR     .....                    (no amulet)
Stlth  ..........               n - +2 ring of evasion
                                m - +3 ring of intelligence

@: berserking, heroism, very quick, not resistant to hostile enchantments,
extremely unstealthy
A: unfitting armour, claws 3, fast metabolism 3, gourmand, regeneration 2,
saprovore 2, shaggy fur 1, tough skin 2
a: Heroism, Renounce Religion


You were in the Dungeon.
You worshipped Okawaru.
Okawaru was pleased with you.
You were full.

You visited 1 branch

Inventory:

Armour
 a - a +0 robe (worn)
Jewellery
 m - a +3 ring of intelligence (left claw)
 n - a +2 ring of evasion (right claw)
Magical devices
 l - a wand of draining (7)
Scrolls
 h - 2 scrolls of blinking
 j - 3 scrolls of remove curse
 k - 2 scrolls of amnesia
Potions
 c - 5 potions of curing
 d - 3 potions of heal wounds
 e - a potion of haste
 f - 4 potions of magic
 i - a potion of invisibility
Comestibles
 b - 2 meat rations


   Skills:
 - Level 2.4(7.4) Fighting
 - Level 2.4(7.4) Dodging
 - Level 1.1(6.1) Stealth
 + Level 12.2(17.2) Unarmed Combat


You had 4 spell levels left.
You didn't know any spells.

Dungeon Overview and Level Annotations

Branches:
Dungeon (1/1)

Altars:
Cheibriados
Dithmenos
Elyvilon
Fedhas
Gozag
Kikubaaqudgha
Makhleb
Nemelex Xobeh
Okawaru
Qazlal
Sif Muna
Trog
Vehumet
Xom
Yredelemnul
Zin
The Shining One
Beogh
Jiyva
Lugonu


Innate Abilities, Weirdness & Mutations

You are too large for most types of armour.
You have claws for hands.
Your metabolism is lightning-fast.
You like to eat raw meat.
You heal very quickly.
You can eat rotten meat.
You are covered in fur (AC +1).
You have very tough skin (AC +2).


Message History

You scratch something. Something hits you!
You closely miss something. Something hits you.
* * * LOW HITPOINT WARNING * * *
You are too injured to fight recklessly!
You are too injured to fight recklessly!
You are too injured to fight recklessly!
You are too injured to fight recklessly!
Unknown command.
Drink which item? (? for menu, Esc to quit)
A red film seems to cover your vision as you go berserk!
You feel yourself moving faster!
You feel mighty! Something hits you.
* * * LOW HITPOINT WARNING * * *
Something hits you.
* * * LOW HITPOINT WARNING * * *
The crimson imp blinks!
Unknown command.
You closely miss something. Something hits you!
* * * LOW HITPOINT WARNING * * *
You barely miss something. Something hits you!
You die...

▓.▓
▓.▓
▓.▓
▓5▓
▓.▓
▓h▓
▓C▓
▓.▓
▓@▓
▓.▓
▓.▓
▓)▓
▓)▓
▓'▓
▓.▓
▓.▓
▓[▓


You could see a hill giant, a hog and a crimson imp.

Vanquished Creatures
  A crocodile (D)
  An eye of draining (D)
  A gnoll sergeant (D)
  A crimson imp (D)
  2 adders (D)
  An adder zombie (D)
  A hobgoblin (D)
  A jackal (D)
  A bat (D)
  A giant newt (D)
  2 kobolds (D)
  A kobold skeleton (D)
  4 rats (D)
18 creatures vanquished.

Notes
Turn   | Place    | Note
--------------------------------------------------------------
     0 | D        | MDvedh, the Troll Monk, began the quest for the Orb.
     0 | D        | Reached XP level 1. HP: 22/22 MP: 1/1
    17 | D        | Reached skill level 5 in Unarmed Combat
    32 | D        | Noticed a crimson imp
    50 | D        | Killed a crimson imp
    50 | D        | Reached skill level 7 in Unarmed Combat
    50 | D        | Reached XP level 2. HP: 22/29 MP: 1/1
    50 | D        | Reached XP level 3. HP: 27/36 MP: 2/2
    77 | D        | Found a glowing silver altar of Zin.
    77 | D        | Found a glowing golden altar of the Shining One.
    77 | D        | Found an ancient bone altar of Kikubaaqudgha.
    77 | D        | Found a basalt altar of Yredelemnul.
    77 | D        | Found a shimmering altar of Xom.
    77 | D        | Found a radiant altar of Vehumet.
    77 | D        | Found an iron altar of Okawaru.
    78 | D        | Found a burning altar of Makhleb.
    79 | D        | Found a deep blue altar of Sif Muna.
    80 | D        | Found a bloodstained altar of Trog.
    81 | D        | Found a sparkling altar of Nemelex Xobeh.
    82 | D        | Found a white marble altar of Elyvilon.
    83 | D        | Found a roughly hewn altar of Beogh.
    84 | D        | Found a viscous altar of Jiyva.
    85 | D        | Found a corrupted altar of Lugonu.
    86 | D        | Became a worshipper of Warmaster Okawaru
    86 | D        | Acquired Okawaru's first power
    87 | D        | Found a blossoming altar of Fedhas.
    88 | D        | Found a snail-covered altar of Cheibriados.
    89 | D        | Found a shadowy altar of Dithmenos.
    90 | D        | Found a stormy altar of Qazlal.
    91 | D        | Found an opulent altar of Gozag.
   135 | D        | Noticed an eye of draining
   135 | D        | Noticed a gnoll sergeant
   141 | D        | Killed a gnoll sergeant
   141 | D        | Reached skill level 9 in Unarmed Combat
   141 | D        | Reached XP level 4. HP: 35/44 MP: 0/2
   148 | D        | Killed an eye of draining
   148 | D        | Reached skill level 10 in Unarmed Combat
   148 | D        | Reached XP level 5. HP: 37/50 MP: 0/2
   153 | D        | Reached skill level 11 in Unarmed Combat
   187 | D        | Noticed a hog
   187 | D        | Noticed a hill giant
   187 | D        | Noticed a crimson imp
   187 | D        | Noticed a crocodile
   190 | D        | Killed a crocodile
   190 | D        | Reached skill level 12 in Unarmed Combat
   200 | D        | HP: 3/75 [something (11)]
   201 | D        | Mangled by an unseen horror

Action                   |  1- 3 |  4- 6 || total
-------------------------+-------+-------++-------
Melee: Unarmed           |    38 |    22 ||    60
Invok: Heroism           |     1 |     1 ||     2
  Use: Potion            |       |     1 ||     1
  Eat: Chunk             |     2 |     2 ||     4
